[Event "Titled Tuesday Blitz September 13 Late 2022"]
[White "Rustemov, Alexander"]
[Black "Barp, Alberto"]
[WhiteFideId "4119002"]
[BlackFideId "872555"]
[WhiteElo "2867"]
[BlackElo "2229"]
[Result "1-0"]
[Round "02"]
[TimeControl "180+1"]
[Date "2022.09.13"]
[WhiteClock "0:00:09"]
[BlackClock "0:00:04"]

1. d4 Nf6 2. c4 e6 3. Nf3 a6 4. Nc3 d5 5. cxd5 exd5 6. Bg5 Be6 7. e3 h6 8. Bh4 Nbd7 9. Bd3 Bd6 10. Qc2 c6 11. O-O O-O 12. Rab1 a5 13. a3 Rc8 14. Rfc1 b5 15. Bg3 Qe7 16. Bxd6 Qxd6 17. h3 Rfe8 18. Ne2 a4 19. b3 axb3 20. Rxb3 Nb6 21. Qc3 Nc4 22. Qb4 Qxb4 23. axb4 Nd7 24. Rbb1 Ra8 25. Ra1 f6 26. Nf4 Bf7 27. Be2 g5 28. Nd3 Bg6 29. Nc5 Ndb6 30. Bf1 Kf7 31. Ne1 Ke7 32. Ned3 Kd6 33. g3 Rxa1 34. Rxa1 Ra8 35. Rxa8 Nxa8 36. Be2 Nab6 37. Kf1 Na3 38. Bd1 Nb1 39. Ke1 Nc3 40. Bb3 Nc4 41. h4 Bf5 42. Nb7+ Kc7 43. Ndc5 Bc8 44. Na5 Kb6 45. hxg5 fxg5 46. Nd3 Nxa5 47. bxa5+ Kxa5 48. Kd2 Ne4+ 49. Ke2 Kb6 50. Ne5 Be6 51. g4 Nf6 52. f3 h5 53. gxh5 Nxh5 54. Bc2 Nf6 55. Nd3 Bf5 56. Kd2 Bxd3 57. Bxd3 Ne8 58. e4 Nd6 59. e5 Nc4+ 60. Kc3 Kc7 61. Kb4 Kb6 62. Bg6 Nd2 63. e6 Nxf3 64. e7 Nxd4 65. e8=Q 1-0


[Site "https://www.chess.com"]

[Event "Titled Tuesday Blitz September 13 Late 2022"]
[White "Sadhwani, Raunak"]
[Black "Hjartarson, Johann"]
[WhiteFideId "35093487"]
[BlackFideId "2300044"]
[WhiteElo "2656"]
[BlackElo "2458"]
[Result "1-0"]
[Round "02"]
[TimeControl "180+1"]
[Date "2022.09.13"]
[WhiteClock "0:00:41"]
[BlackClock "0:00:11"]

1. Nf3 Nf6 2. a3 g6 3. c4 Bg7 4. b4 d5 5. e3 O-O 6. Bb2 c6 7. d4 Nbd7 8. Nc3 Nb6 9. c5 Nbd7 10. Be2 Ne4 11. Nxe4 dxe4 12. Nd2 f5 13. O-O Nf6 14. Nc4 Be6 15. Ne5 Nd7 16. Nc4 Bd5 17. a4 a6 18. Qc2 Qc7 19. f3 e5 20. dxe5 Nxe5 21. Nb6 exf3 22. gxf3 Rad8 23. Rad1 Be6 24. f4 Nf7 25. Bxg7 Kxg7 26. Qc3+ Kg8 27. Nc4 Qe7 28. Rfe1 Bd5 29. Nb6 Be6 30. Bf3 g5 31. Bg2 h6 32. Rd4 Rxd4 33. exd4 Qf6 34. Qe3 Re8 35. d5 cxd5 36. Bxd5 Bd7 37. Nxd7 1-0


[Site "https://www.chess.com"]

[Event "Titled Tuesday Blitz September 13 Late 2022"]
[White "Shirov, Alexei"]
[Black "Tomb, Maroun"]
[WhiteFideId "2209390"]
[BlackFideId "5300398"]
[WhiteElo "2678"]
[BlackElo "2547"]
[Result "1-0"]
[Round "02"]
[TimeControl "180+1"]
[Date "2022.09.13"]
[WhiteClock "0:01:50"]
[BlackClock "0:01:27"]

1. e4 d6 2. d4 Nf6 3. Nc3 e5 4. Nf3 Nbd7 5. g4 Nxg4 6. Rg1 Ngf6 7. Bc4 h6 8. Be3 c6 9. dxe5 dxe5 10. Qd3 Qc7 11. Bxf7+ Kxf7 12. Qc4+ Ke7 13. Nh4 Nb6 14. Ng6+ Ke8 15. Bxb6 axb6 16. O-O-O Rh7 17. Nb5 Qf7 18. Rd8+ Kxd8 19. Qxf7 cxb5 20. Nxf8 1-0


[Site "https://www.chess.com"]

[Event "Titled Tuesday Blitz September 13 Late 2022"]
[White "Sjugirov, Sanan"]
[Black "Llorente Zaro, Alfonso"]
[WhiteFideId "4189302"]
[BlackFideId "2254131"]
[WhiteElo "2609"]
[BlackElo "2485"]
[Result "1-0"]
[Round "02"]
[TimeControl "180+1"]
[Date "2022.09.13"]
[WhiteClock "0:00:04"]
[BlackClock "0:00:04"]

1. e4 d6 2. d4 Nf6 3. Bd3 e5 4. c3 d5 5. dxe5 Nxe4 6. Nf3 Nc6 7. Nbd2 Nc5 8. Bc2 Bg4 9. h3 Bh5 10. O-O Be7 11. Re1 d4 12. Bf5 dxc3 13. bxc3 Nd3 14. Re3 Ndxe5 15. g4 Nxf3+ 16. Qxf3 Bg6 17. Bxg6 hxg6 18. Rb1 O-O 19. Rxb7 Qd7 20. Nc4 Rab8 21. Rxb8 Rxb8 22. Re1 Bf8 23. Bf4 Rd8 24. Kg2 f6 25. Qe4 g5 26. Bg3 Qd5 27. Bxc7 Qxe4+ 28. Rxe4 Rd3 29. Re3 Rd5 30. Bg3 Kf7 31. Kf3 Rc5 32. Nd2 Na5 33. Ke2 Rc8 34. Kd3 Rd8+ 35. Kc2 Bc5 36. Re2 Rd7 37. Nb3 Bb6 38. Nxa5 Bxa5 39. c4 Rd4 40. Kb3 Rd3+ 41. Ka4 Bb6 42. Rc2 Bc5 43. Kb5 Be7 44. c5 Ke8 45. c6 Kd8 46. Ka6 Kc8 47. Kb5 Rd5+ 48. Kc4 Rc5+ 49. Kd3 Ra5 50. Ke4 g6 51. Rb2 f5+ 52. gxf5 gxf5+ 53. Kd3 f4 54. Bh2 Rc5 55. Ke4 Rxc6 56. Kf5 Bd8 57. Re2 Rc5+ 58. Kg4 Ra5 59. f3 Kd7 60. Bg1 Be7 61. Rd2+ Ke8 62. Re2 Kf7 63. Bd4 Bf6 64. Bf2 Be7 65. Rc2 Ra4 66. Rc7 Rxa2 67. Bc5 Kg6 68. Rc6+ Kf7 69. Bxe7 Kxe7 70. Kxg5 Rh2 71. Kg4 a5 72. Ra6 Rg2+ 73. Kxf4 Kf7 74. h4 Ra2 75. h5 Kg7 76. Kg5 Kh7 77. Ra7+ Kh8 78. f4 Rg2+ 79. Kf6 Rh2 80. Kg6 Rg2+ 81. Kh6 Rg8 82. Rh7# 1-0


[Site "https://www.chess.com"]

[Event "Titled Tuesday Blitz September 13 Late 2022"]
[White "Tayar, Jonathan"]
[Black "Keymer, Vincent"]
[WhiteFideId "2606534"]
[BlackFideId "12940690"]
[WhiteElo "2413"]
[BlackElo "2585"]
[Result "0-1"]
[Round "02"]
[TimeControl "180+1"]
[Date "2022.09.13"]
[WhiteClock "0:00:05"]
[BlackClock "0:01:21"]

1. e4 c6 2. d4 d5 3. f3 Qb6 4. Nc3 dxe4 5. fxe4 e5 6. dxe5 Be6 7. Nf3 Nd7 8. Bd3 O-O-O 9. Qe2 Ne7 10. a4 a5 11. Bd2 Ng6 12. Ng5 Ndxe5 13. Nxe6 fxe6 14. Rb1 Bc5 15. Rf1 Nxd3+ 16. cxd3 Ne5 17. Rf3 Nxf3+ 18. gxf3 Bd4 19. Kf1 Qc5 20. Kg2 Rhf8 21. Rc1 Qh5 22. Nb5 Be5 23. h3 Rf6 24. Rh1 Rdf8 25. d4 Rxf3 0-1


[Site "https://www.chess.com"]

[Event "Titled Tuesday Blitz September 13 Late 2022"]
[White "Tisaj, Domen"]
[Black "Bluebaum, Matthias"]
[WhiteFideId "14628708"]
[BlackFideId "24651516"]
[WhiteElo "2352"]
[BlackElo "2633"]
[Result "0-1"]
[Round "02"]
[TimeControl "180+1"]
[Date "2022.09.13"]
[WhiteClock "0:00:01"]
[BlackClock "0:00:24"]

1. d4 Nf6 2. c4 e6 3. Nf3 d5 4. Nc3 Bb4 5. cxd5 exd5 6. Bg5 h6 7. Bxf6 Qxf6 8. Qa4+ Nc6 9. e3 O-O 10. Bd3 Be6 11. O-O a6 12. Qb3 Rfd8 13. a3 Bd6 14. Rac1 g5 15. Nd2 g4 16. f4 Nxd4 17. Qd1 h5 18. Kh1 Nf5 19. Qe1 Re8 20. e4 dxe4 21. Ndxe4 Qg7 22. Qf2 Be7 23. Ng5 Rad8 24. Nxe6 fxe6 25. Bc4 Kh8 26. Bxe6 Bh4 27. Qc5 Rxe6 28. Qxf5 Qg6 29. Qxg6 Rxg6 30. Ne4 c6 31. g3 Be7 32. f5 Rgg8 33. f6 Bf8 34. Rcd1 Bh6 35. f7 Rgf8 36. Rxd8 Rxd8 37. Nc5 Bf8 38. Ne6 Rc8 39. Rf6 Kh7 40. b4 b6 41. Kg2 c5 42. bxc5 bxc5 43. Nxf8+ Rxf8 44. Rf5 Kg6 45. Rxc5 Rxf7 46. Rc6+ Rf6 47. Rc5 Rb6 48. Rc2 Kf5 49. Re2 Rb3 50. Ra2 a5 51. a4 Rb4 52. h3 Ke4 53. hxg4 hxg4 54. Rf2 Ke3 55. Ra2 Rd4 56. Ra3+ Rd3 57. Rxd3+ Kxd3 58. Kf2 Kd2 59. Kf1 Ke3 0-1


[Site "https://www.chess.com"]

[Event "Titled Tuesday Blitz September 13 Late 2022"]
[White "Tomiello, Lucas Costamilan"]
[Black "Shimanov, Aleksandr"]
[WhiteFideId "22701940"]
[BlackFideId "4198603"]
[WhiteElo "1998"]
[BlackElo "2605"]
[Result "0-1"]
[Round "02"]
[TimeControl "180+1"]
[Date "2022.09.13"]
[WhiteClock "0:00:19"]
[BlackClock "0:01:34"]

1. e4 d5 2. exd5 Qxd5 3. Nc3 Qe5+ 4. Be2 Bg4 5. d4 Bxe2 6. Ngxe2 Qa5 7. O-O Nf6 8. Re1 Nc6 9. d5 O-O-O 10. Nf4 e5 11. Nd3 Nxd5 12. Qg4+ Kb8 13. Nxe5 Nxe5 14. Rxe5 Nf6 15. Rxa5 Nxg4 16. Bf4 Nf6 17. Nb5 Nd5 18. Rd1 Bb4 19. Ra4 Nxf4 20. Rxd8+ Rxd8 21. g3 Rd1# 0-1


[Site "https://www.chess.com"]

[Event "Titled Tuesday Blitz September 13 Late 2022"]
[White "Trost, Edvin"]
[Black "Paravyan, David"]
[WhiteFideId "1729519"]
[BlackFideId "4194985"]
[WhiteElo "2186"]
[BlackElo "2555"]
[Result "1-0"]
[Round "02"]
[TimeControl "180+1"]
[Date "2022.09.13"]
[WhiteClock "0:00:09"]
[BlackClock "0:00:06"]

1. d4 Nf6 2. c4 g6 3. Nc3 d5 4. Bf4 Bg7 5. e3 c5 6. dxc5 Qa5 7. Rc1 Nbd7 8. cxd5 O-O 9. Bc4 Nxc5 10. Ne2 Qb4 11. Bb3 Bf5 12. Bc2 Bxc2 13. Qxc2 Qc4 14. Rd1 Nfe4 15. O-O Nxc3 16. Nxc3 Rac8 17. d6 exd6 18. Bxd6 Rfd8 19. Bxc5 Qxc5 20. Rxd8+ Rxd8 21. Rc1 Bxc3 22. bxc3 Qd6 23. g3 Qd2 24. Kg2 b6 25. a4 h5 26. a5 bxa5 27. Qxd2 Rxd2 28. Ra1 Rd5 29. Kf3 Rc5 30. Ra3 Kf8 31. Ke4 Ke7 32. Kd4 Rb5 33. f4 Rb2 34. Rxa5 Rxh2 35. Rxa7+ Ke6 36. Ke4 Rf2 37. Ra6+ Ke7 38. Rc6 Kf8 39. c4 Kg7 40. Rd6 Rc2 41. Rd4 Kf6 42. Kd5 Ke7 43. c5 Kd7 44. Rd3 Rg2 45. e4 f6 46. e5 fxe5 47. Kxe5+ Ke7 48. Rc3 Re2+ 49. Kd5 Kd7 50. c6+ Kc7 51. Kd4 Rg2 52. Ke5 Rd2 53. Kf6 Rd6+ 54. Kg5 Re6 55. Kh6 Rd6 56. Kg7 Re6 57. Kf7 Rd6 58. Ke7 Rd5 59. Ke6 Rd6+ 60. Ke5 Rd1 61. Kf6 Rd6+ 62. Kg5 Re6 63. f5 gxf5 64. Kxh5 Rd6 65. Kg5 Rd5 66. Kf6 Ra5 67. Rf3 Kxc6 68. Rxf5 Ra1 69. Re5 Kd7 70. g4 Rf1+ 71. Kg6 Kd6 72. Re2 Rf3 73. g5 Kd7 74. Kh6 Rh3+ 75. Kg7 Rg3 76. g6 Rg1 77. Kh7 Rh1+ 78. Kg8 Kd6 79. g7 Rg1 80. Re4 Rg2 81. Re3 Rg1 82. Re2 Rg4 83. Kf7 Rf4+ 84. Kg6 Rg4+ 85. Kh6 Rg1 86. Kh7 Rh1+ 87. Kg6 Rg1+ 88. Kf7 Rf1+ 89. Kg8 Kd7 90. Re5 Kd6 91. Rg5 Ke7 92. Kh7 Kf6 93. Rg6+ Ke5 94. g8=Q Rh1+ 95. Kg7 Rc1 96. Qe8+ Kd4 97. Rg4+ Kd3 98. Qe4+ Kc3 99. Rg3+ Kb2 100. Qb4+ Ka1 101. Qa3+ Kb1 102. Rb3+ Kc2 103. Qb2+ Kd1 104. Rd3+ Ke1 105. Qd2+ 1-0


[Site "https://www.chess.com"]

[Event "Titled Tuesday Blitz September 13 Late 2022"]
[White "Yedidia, Daniel"]
[Black "Perez Ponsa, Federico"]
[WhiteFideId "30905907"]
[BlackFideId "117927"]
[WhiteElo "2546"]
[BlackElo "2604"]
[Result "1/2-1/2"]
[Round "02"]
[TimeControl "180+1"]
[Date "2022.09.13"]
[WhiteClock "0:00:13"]
[BlackClock "0:00:20"]

1. d4 Nf6 2. c4 e6 3. Nc3 d5 4. cxd5 exd5 5. Bg5 c6 6. e3 h6 7. Bh4 Be7 8. Bd3 O-O 9. Nge2 Re8 10. Qc2 Nbd7 11. O-O a5 12. Rad1 b5 13. a3 Bb7 14. Rfe1 Rc8 15. f3 b4 16. axb4 axb4 17. Na4 c5 18. dxc5 Nxc5 19. Bxf6 Nxd3 20. Qxd3 Bxf6 21. Nd4 Qa5 22. b3 Ba6 23. Qf5 Re5 24. Qd7 Qc7 25. Qxc7 Rxc7 26. Kf2 Re8 27. Nb6 Rd8 28. Rc1 Rb7 29. Na4 Bb5 30. Nc5 Rb6 31. Nxb5 Rxb5 32. Red1 d4 33. Ne4 Be5 34. f4 dxe3+ 35. Kxe3 Rxd1 36. Rxd1 Bc7 37. Rd7 Bb6+ 38. Kf3 Ra5 39. Rb7 Ra6 40. Nd6 Bc5 41. Nxf7 Ra3 42. Ne5 Rxb3+ 43. Kg4 Rb2 44. Kf3 Rf2+ 45. Kg3 Rd2 46. Ng6 Rd3+ 47. Kg4 Bd6 48. f5 Rd4+ 49. Kf3 Rd3+ 50. Ke4 Rd2 51. Rd7 b3 52. Rb7 b2 53. g4 Ba3 54. Rb8+ Kf7 55. Ne5+ Ke7 56. Rb7+ Kd8 57. Nc4 Re2+ 58. Kf3 Re1 59. Nxa3 Ra1 60. Rb8+ Kc7 61. Rxb2 Rxa3+ 62. Kf4 Ra4+ 63. Kg3 Kd6 64. Re2 Rd4 65. h4 Rd3+ 66. Kf4 Rd4+ 67. Kf3 Rd3+ 68. Kf4 Rd4+ 69. Re4 Rd1 70. Re6+ Kd5 71. Re8 Rf1+ 72. Kg3 h5 73. gxh5 Rxf5 74. Kg4 Rf2 75. Re7 Kd6 76. Ra7 Ke6 77. Ra6+ Kf7 78. Rg6 Rg2+ 79. Kf5 Rh2 80. Kg4 Rh1 81. Rg5 Rg1+ 82. Kf5 Ra1 83. Kg4 Ra4+ 84. Kf5 Rc4 85. Ke5 Rxh4 86. Kf5 Rc4 87. Ke5 Rb4 88. Kf5 Rh4 89. Ke5 Kg8 90. Kf5 Kh7 91. Ke5 Rb4 92. Kf5 Rc4 93. Rg6 Rh4 94. Kg5 Rh1 95. Kg4 Rg1+ 96. Kf5 Rxg6 97. hxg6+ Kh6 98. Kf4 Kh5 99. Kf5 Kh6 100. Kf4 Kxg6 101. Kg4 Kf6 102. Kf4 Kg6 103. Kg4 Kh6 104. Kh4 g6 105. Kg4 g5 106. Kg3 Kg6 107. Kg4 Kf6 108. Kg3 Kf5 109. Kf3 g4+ 110. Kg3 Kg5 111. Kg2 Kf4 112. Kf2 g3+ 113. Kg2 Kg4 114. Kg1 Kf3 115. Kf1 g2+ 116. Kg1 Kg3 1/2-1/2


[Site "https://www.chess.com"]

[Event "Titled Tuesday Blitz September 13 Late 2022"]
[White "Yi, Richard"]
[Black "Ter-Sahakyan, Samvel"]
[WhiteFideId "2079518"]
[BlackFideId "13302531"]
[WhiteElo "2147"]
[BlackElo "2604"]
[Result "0-1"]
[Round "02"]
[TimeControl "180+1"]
[Date "2022.09.13"]
[WhiteClock "0:00:39"]
[BlackClock "0:00:34"]

1. d4 Nf6 2. c4 e6 3. Nc3 Bb4 4. Qc2 O-O 5. Nf3 d5 6. a3 Bxc3+ 7. Qxc3 b6 8. Bg5 Nbd7 9. cxd5 exd5 10. Ne5 h6 11. Bh4 c5 12. Nxd7 Bxd7 13. dxc5 g5 14. Bg3 Ne4 15. Qc1 Rc8 16. e3 Rxc5 17. Qd1 Qf6 18. Qd4 Qxd4 19. exd4 Rc2 20. Rb1 Rfc8 21. Bd3 Rxb2 22. Rxb2 Rc1+ 23. Ke2 Rxh1 24. Rc2 Ba4 25. Rc7 Bd1+ 26. Ke3 Re1+ 27. Be2 Rxe2+ 28. Kd3 Nxf2+ 29. Bxf2 Rxf2 30. Rxa7 Rxg2 0-1


[Site "https://www.chess.com"]

[Event "Titled Tuesday Blitz September 13 Late 2022"]
[White "Yoo, Christopher Woojin"]
[Black "Aldokhin, Ivan"]
[WhiteFideId "30909694"]
[BlackFideId "24115720"]
[WhiteElo "2105"]
[BlackElo "2243"]
[Result "1-0"]
[Round "02"]
[TimeControl "180+1"]
[Date "2022.09.13"]
[WhiteClock "0:00:03"]
[BlackClock "0:00:01"]

1. e4 c5 2. Nf3 e6 3. g3 b6 4. Bg2 Bb7 5. Qe2 d6 6. O-O Nd7 7. d4 cxd4 8. Nxd4 Ngf6 9. c4 a6 10. Nc3 Be7 11. b3 O-O 12. Bb2 Qc7 13. Rac1 Rac8 14. Rfd1 Rfe8 15. f4 Qb8 16. g4 g6 17. e5 dxe5 18. fxe5 Nxe5 19. Bxb7 Rcd8 20. Nc6 Bc5+ 21. Kf1 Qxb7 22. Rxd8 Rxd8 23. Nd5 exd5 24. Nxd8 Qa8 25. Qxe5 d4 26. Qxf6 Qh1+ 27. Ke2 Qe4+ 28. Kf2 d3+ 29. Kg3 Qe3+ 30. Qf3 1-0


[Site "https://www.chess.com"]

[Event "Titled Tuesday Blitz September 13 Late 2022"]
[White "Yurovskykh, Oleksandr"]
[Black "Vasquez Schroeder, Rodrigo"]
[WhiteFideId "14134020"]
[BlackFideId "3400042"]
[WhiteElo "2303"]
[BlackElo "2577"]
[Result "1-0"]
[Round "02"]
[TimeControl "180+1"]
[Date "2022.09.13"]
[WhiteClock "0:00:10"]
[BlackClock "0:00:20"]

1. d4 Nf6 2. Nf3 d5 3. c3 c6 4. Bg5 Ne4 5. Bh4 Bf5 6. Nbd2 Qb6 7. Qb3 Nd7 8. e3 e6 9. Be2 Bd6 10. O-O O-O 11. Nxe4 Bxe4 12. Nd2 Bg6 13. Bg3 Bxg3 14. hxg3 Qc7 15. c4 Nf6 16. Rfc1 a5 17. Qc3 Rfc8 18. b3 Qd8 19. cxd5 exd5 20. a3 b6 21. b4 axb4 22. axb4 Rxa1 23. Rxa1 Ne8 24. Nf3 f6 25. Nh4 Bf7 26. Ra7 Nd6 27. Qa3 g5 28. Nf3 Nc4 29. Qa6 Rb8 30. Bd3 h6 31. Ne1 Be6 32. Nc2 Bc8 33. Qa2 b5 34. Na1 Qd6 35. Qb1 Qf8 36. Nb3 Nd6 37. Nc5 Bb7 38. Be2 Qf7 39. Bg4 f5 40. Be2 Ra8 41. Rxa8+ Bxa8 42. Bd3 Kg7 43. Qa1 Bb7 44. Qa7 Bc8 45. Qb8 Qe7 46. Kf1 Kf6 47. Ke2 f4 48. gxf4 gxf4 49. Kd2 fxe3+ 50. fxe3 Kg7 51. Qa8 Qc7 52. Qa1 Bg4 53. Kc3 Qe7 54. Qe1 Bf5 55. Qg3+ Kh7 56. Be2 Ne4+ 57. Nxe4 Qxe4 58. Qc7+ Kh8 59. Qe5+ Kh7 60. Qxe4 Bxe4 61. g3 Kg6 62. Kd2 Kg5 63. Ke1 Bf5 64. Kf2 Bg4 65. Bd3 Kf6 66. e4 dxe4 67. Bxe4 Bd7 68. Ke3 Ke6 69. Kf4 Kf6 70. Bf3 Be8 71. d5 cxd5 72. Bxd5 Bd7 73. Ke3 Ke5 74. Bg2 Be8 75. Bf1 Kd5 76. Be2 Bd7 77. Bd3 Bc6 78. Be4+ Kd6 79. Bxc6 Kxc6 80. Ke4 Kd6 81. Kd4 Ke6 82. Kc5 Kf5 83. Kxb5 Kg4 84. Kc5 Kxg3 85. b5 h5 86. b6 h4 87. b7 h3 88. b8=Q+ Kg2 89. Qb2+ Kh1 90. Qc1+ Kg2 91. Qd2+ Kh1 92. Qd1+ Kg2 93. Qg4+ Kh2 94. Kd4 1-0


[Site "https://www.chess.com"]

[Event "Titled Tuesday Blitz September 13 Late 2022"]
[White "Zhigalko, Sergei"]
[Black "Fernandez De La Vara, Arnaldo"]
[WhiteFideId "13502956"]
[BlackFideId "3518388"]
[WhiteElo "2662"]
[BlackElo "2387"]
[Result "1-0"]
[Round "02"]
[TimeControl "180+1"]
[Date "2022.09.13"]
[WhiteClock "0:00:05"]
[BlackClock "0:00:07"]

1. e4 c5 2. Nf3 e6 3. c3 d5 4. e5 d4 5. Na3 Nc6 6. Bd3 Nge7 7. O-O Ng6 8. Re1 a6 9. g3 f6 10. exf6 Qxf6 11. Be4 Bd6 12. Nc4 Bc7 13. cxd4 cxd4 14. d3 h6 15. b3 Bd7 16. Ba3 e5 17. Rc1 Kf7 18. Bxg6+ Kxg6 19. Ncxe5+ Bxe5 20. Rxc6 Bxc6 21. Nxe5+ Kh7 22. Qg4 Rae8 23. f4 g5 24. h4 gxf4 25. Qxf4 Qxf4 26. gxf4 Rhg8+ 27. Kf1 Rg2 28. Bc5 Rxa2 29. Bxd4 Bg2+ 30. Kg1 Rg8 31. h5 Bd5+ 32. Ng6 Bf7 33. Re7 Rg7 34. Bxg7 Kxg7 35. Ne5 Ra1+ 36. Kf2 Kf6 37. Rxf7+ Ke6 38. Ke3 Ra2 39. Rxb7 Kf5 40. Rb6 Rh2 41. Rxh6 Rh3+ 42. Kd4 Kxf4 43. Rxa6 Rxh5 44. Rf6+ Kg5 45. Rf1 Rh4+ 46. Kc3 Rh2 47. Nf3+ 1-0


[Site "https://www.chess.com"]

[Event "Titled Tuesday Blitz September 13 Late 2022"]
[White "Al-Tarboush, Ward"]
[Black "Yeritsyan, Hayk"]
[WhiteFideId "7601450"]
[BlackFideId "13307320"]
[WhiteElo "2234"]
[BlackElo "2380"]
[Result "1-0"]
[Round "03"]
[TimeControl "180+1"]
[Date "2022.09.13"]
[WhiteClock "0:00:42"]
[BlackClock "0:00:48"]

1. e4 c5 2. Nf3 e6 3. d4 cxd4 4. Nxd4 a6 5. Bd3 Qc7 6. O-O d6 7. c4 Nf6 8. Nc3 b6 9. Bg5 Be7 10. Qe2 Nbd7 11. Rfe1 O-O 12. Rad1 Bb7 13. Kh1 Ne5 14. f4 Nxd3 15. Qxd3 Rfe8 16. e5 Ng4 17. Qg3 dxe5 18. Qxg4 exd4 19. Rxd4 Bxg5 20. Qxg5 h6 21. Qg4 Rad8 22. Rxd8 Rxd8 23. f5 Rd2 24. Ne4 1-0


[Site "https://www.chess.com"]

[Event "Titled Tuesday Blitz September 13 Late 2022"]
[White "Bayo Milagro, Alvaro"]
[Black "Yoo, Christopher Woojin"]
[WhiteFideId "22275240"]
[BlackFideId "30909694"]
[WhiteElo "2270"]
[BlackElo "2105"]
[Result "1-0"]
[Round "03"]
[TimeControl "180+1"]
[Date "2022.09.13"]
[WhiteClock "0:00:09"]
[BlackClock "0:00:02"]

1. e4 c5 2. Nf3 e6 3. d4 cxd4 4. Nxd4 Nf6 5. Nc3 Nc6 6. Be2 d6 7. O-O Be7 8. Be3 O-O 9. f4 Bd7 10. Nb3 a6 11. a4 Na5 12. Nxa5 Qxa5 13. Qd2 Bc6 14. Nd5 Qd8 15. Nxe7+ Qxe7 16. e5 dxe5 17. fxe5 Nd5 18. Bd4 Rfd8 19. c3 b5 20. axb5 axb5 21. Bh5 Rxa1 22. Rxa1 g6 23. Bf3 Ra8 24. Rxa8+ Bxa8 25. h3 Bc6 26. b3 Qd7 27. Bc5 Nf6 28. Qxd7 Nxd7 29. Bxc6 Nxc5 30. b4 Nd3 31. Bxb5 Nxe5 32. Kf2 Kf8 33. Ke3 f5 34. Kd4 Nf7 35. c4 e5+ 36. Kd5 e4 37. c5 Ke7 38. c6 Kd8 39. Bc4 Kc7 40. b5 e3 41. Kc5 Ne5 42. b6+ Kb8 43. c7+ Kc8 44. Ba6+ Kd7 45. c8=Q+ Ke7 46. Qc7+ Kf6 47. Qd6+ 1-0


[Site "https://www.chess.com"]

[Event "Titled Tuesday Blitz September 13 Late 2022"]
[White "Bilan, Danila"]
[Black "Rustemov, Alexander"]
[WhiteFideId "24161918"]
[BlackFideId "4119002"]
[WhiteElo "2164"]
[BlackElo "2870"]
[Result "1/2-1/2"]
[Round "03"]
[TimeControl "180+1"]
[Date "2022.09.13"]
[WhiteClock "0:00:07"]
[BlackClock "0:00:47"]

1. d4 f5 2. Nf3 Nf6 3. g3 g6 4. Bg2 Bg7 5. O-O O-O 6. c4 d6 7. Nc3 c6 8. Qc2 Na6 9. a3 Qe8 10. e4 fxe4 11. Nxe4 Nxe4 12. Qxe4 Bf5 13. Qh4 Bd3 14. Re1 e5 15. dxe5 dxe5 16. Bh6 e4 17. Bxg7 Kxg7 18. Ng5 h6 19. Nxe4 Qf7 20. f4 Rad8 21. Nf2 g5 22. fxg5 Qxf2+ 23. Kh1 hxg5 24. Qxg5+ Kh8 25. Re6 Bh7 26. Qe5+ Kg8 27. Qg5+ Kh8 28. Qe5+ Kg8 29. Qg5+ Kh8 1/2-1/2


[Site "https://www.chess.com"]

[Event "Titled Tuesday Blitz September 13 Late 2022"]
[White "Bluebaum, Matthias"]
[Black "Al Hosani, Omran"]
[WhiteFideId "24651516"]
[BlackFideId "9308733"]
[WhiteElo "2633"]
[BlackElo "2167"]
[Result "1-0"]
[Round "03"]
[TimeControl "180+1"]
[Date "2022.09.13"]
[WhiteClock "0:01:50"]
[BlackClock "0:01:12"]

1. d4 Nf6 2. c4 e6 3. Nc3 d5 4. cxd5 exd5 5. Bg5 Be7 6. e3 O-O 7. Bd3 c6 8. h3 Nbd7 9. Bf4 Re8 10. Nf3 Nf8 11. Qc2 Ne6 12. Bh2 Bd6 13. Bxd6 Qxd6 14. O-O-O b5 15. g4 a5 16. g5 Ne4 17. Nxe4 dxe4 18. Bxe4 Bb7 19. Bxh7+ Kh8 20. Ne5 Re7 21. g6 Ng5 22. gxf7 Rxe5 23. dxe5 Qxe5 24. Bg6 c5 25. Rhg1 Qf6 26. Rg4 Nxf7 27. Bxf7 Qxf7 28. Rh4+ Kg8 29. Qh7+ Kf8 30. Rf4 1-0


[Site "https://www.chess.com"]

[Event "Titled Tuesday Blitz September 13 Late 2022"]
[White "Bortnyk, Mykola"]
[Black "Timmermans, Mark"]
[WhiteFideId "14120836"]
[BlackFideId "1026399"]
[WhiteElo "2582"]
[BlackElo "2460"]
[Result "1-0"]
[Round "03"]
[TimeControl "180+1"]
[Date "2022.09.13"]
[WhiteClock "0:01:13"]
[BlackClock "0:01:01"]

1. e4 e5 2. Bc4 Nf6 3. d3 c6 4. Nf3 d5 5. Bb3 Bd6 6. Nc3 Be6 7. Bg5 d4 8. Ne2 a5 9. O-O Nbd7 10. c3 c5 11. cxd4 cxd4 12. Rc1 O-O 13. Bxe6 fxe6 14. Qb3 Nc5 15. Rxc5 Bxc5 16. Qxe6+ Kh8 17. Nxe5 Qe8 18. Nf4 Ra6 19. Qxe8 Rxe8 20. Bxf6 gxf6 21. Nd7 Ba7 22. Nd5 Rc8 23. N7xf6 Rc2 24. e5 Rxb2 25. Re1 Rxa2 26. f4 Bc5 27. e6 a4 28. e7 Bxe7 29. Rxe7 1-0


[Site "https://www.chess.com"]

[Event "Titled Tuesday Blitz September 13 Late 2022"]
[White "Girel, Joseph"]
[Black "Mortazavi, Ali"]
[WhiteFideId "36033561"]
[BlackFideId "401323"]
[WhiteElo "2104"]
[BlackElo "2339"]
[Result "0-1"]
[Round "03"]
[TimeControl "180+1"]
[Date "2022.09.13"]
[WhiteClock "0:00:01"]
[BlackClock "0:00:21"]

1. e4 c6 2. Nf3 d5 3. e5 Bf5 4. d4 e6 5. Be2 Ne7 6. Be3 Ng6 7. O-O Nd7 8. c4 dxc4 9. Bxc4 Nb6 10. Bb3 Nh4 11. Nxh4 Qxh4 12. Nc3 Be7 13. a4 O-O 14. a5 Nd5 15. Nxd5 cxd5 16. Qd2 Rfc8 17. Rfc1 h6 18. Qe2 a6 19. Ba4 Bg5 20. Bd7 Rxc1+ 21. Rxc1 Be4 22. f3 Bg6 23. Qf2 Qh5 24. Rc7 Bd8 25. g4 Qh3 26. Rc8 Rxc8 27. Bxc8 Bd3 28. b4 Bh4 29. Qg2 Qxg2+ 30. Kxg2 Be1 31. f4 Bxb4 32. f5 exf5 33. gxf5 Bxa5 34. Bxb7 Be4+ 35. Kf1 Bd8 36. Bxa6 Bxf5 37. Kf2 Be4 38. Bb7 g5 39. Ke2 Kg7 40. Bf2 Kg6 41. Bg3 h5 42. Bc8 Bf5 43. Bb7 Be6 44. Ba6 h4 45. Bf2 g4 46. Bd3+ Bf5 47. Bb5 Bg5 48. Bc6 Be4 49. Bd7 Bf5 50. Bc6 Be6 51. Kf1 Kf5 52. Ba4 Ke4 53. Bc2+ Kf4 54. Ke2 g3 55. hxg3+ hxg3 56. Be3+ Kg4 57. Bxg5 Kxg5 58. Kf3 Kh4 59. Kg2 Bh3+ 60. Kf3 Be6 61. Bb3 Kh3 0-1


[Site "https://www.chess.com"]

[Event "Titled Tuesday Blitz September 13 Late 2022"]
[White "Graif, William"]
[Black "Gokerkan, Cem Kaan"]
[WhiteFideId "2609835"]
[BlackFideId "6336760"]
[WhiteElo "1942"]
[BlackElo "2364"]
[Result "1-0"]
[Round "03"]
[TimeControl "180+1"]
[Date "2022.09.13"]
[WhiteClock "0:00:04"]
[BlackClock "0:00:01"]

1. d4 g6 2. e4 Bg7 3. Nc3 d6 4. Nf3 a6 5. a4 b6 6. Be2 Bb7 7. O-O Nd7 8. Re1 e6 9. Bg5 Ne7 10. Qd2 O-O 11. Rad1 Re8 12. Qf4 f6 13. Qg4 Nf8 14. Be3 Kh8 15. Qh3 Bc8 16. e5 Nf5 17. Ne4 Nxe3 18. fxe3 Bb7 19. Nxf6 Bxf6 20. exf6 Qxf6 21. Rf1 Qf5 22. Qh4 Qe4 23. Qf6+ Kg8 24. Nh4 Nd7 25. Qf7+ Kh8 26. Qxd7 Qxh4 27. Rf7 Qh6 28. Qxc7 Be4 29. Bf3 Rf8 30. Bxe4 Qxe3+ 31. Kh1 Rxf7 32. Qxf7 Qxe4 33. Qf6+ Kg8 34. Rf1 Rc8 35. h3 a5 36. c3 d5 37. Qf7+ Kh8 38. Qe7 Qe2 39. Rf8+ 1-0


[Site "https://www.chess.com"]

[Event "Titled Tuesday Blitz September 13 Late 2022"]
[White "Hansen, Eric"]
[Black "Dev, Shah"]
[WhiteFideId "2606771"]
[BlackFideId "35019058"]
[WhiteElo "2568"]
[BlackElo "2048"]
[Result "1-0"]
[Round "03"]
[TimeControl "180+1"]
[Date "2022.09.13"]
[WhiteClock "0:00:10"]
[BlackClock "0:00:03"]

1. d4 d5 2. c4 c6 3. Nf3 Nf6 4. Qc2 dxc4 5. Qxc4 Bf5 6. g3 Nbd7 7. Bg2 e6 8. O-O Be7 9. e3 O-O 10. Rd1 Be4 11. Nc3 Bd5 12. Qd3 Bxf3 13. Bxf3 e5 14. Bg2 exd4 15. Qxd4 Nb6 16. Qf4 Nbd5 17. Nxd5 Nxd5 18. Qc4 Nb6 19. Qc2 Qc7 20. e4 Rad8 21. Bf4 Bd6 22. Bg5 Be7 23. Bf4 Bd6 24. Be3 Qe7 25. f4 Nd7 26. Kh1 Bc7 27. e5 Bb6 28. Bd2 Nb8 29. a4 Na6 30. Bc3 Nb4 31. Qb3 a5 32. Be4 Rxd1+ 33. Rxd1 Rd8 34. Rxd8+ Qxd8 35. e6 fxe6 36. Qxe6+ Kh8 37. Qf7 Qg8 38. Qxb7 Bc5 39. Qc7 Bf8 40. Qe5 Qc4 41. Kg2 Qe2+ 42. Kh3 Qf1+ 43. Bg2 Qd3 44. Qe8 Qf5+ 45. Kh4 Nd5 46. Be4 1-0


[Site "https://www.chess.com"]